 Dungeon Crawl Stone Soup version 0.20.1-1-g8b1a95d (webtiles) character file.

80 ReignOfFire the Firebug (level 4, 0/30 HPs)
             Began as a Human Fire Elementalist on July 20, 2017.
             Slain by a worker ant (3 damage)
             ... on level 2 of the Dungeon.
             The game lasted 00:08:08 (1996 turns).

ReignOfFire the Firebug (Human Fire Elementalist)   Turns: 1996, Time: 00:08:09

Health: 0/30       AC:  3    Str:  9    XL:     4   Next: 65%
Magic:  5/8        EV: 12    Int: 16    God:
Gold:   38         SH:  0    Dex: 13    Spells: 5/8 levels left

rFire    . . .     SeeInvis .   e - +0 dagger
rCold    . . .     Gourm    .   (no shield)
rNeg     . . .     Faith    .   a - +0 robe
rPois    .         Spirit   .   (no helmet)
rElec    .         Reflect  .   (no cloak)
rCorr    .         Harm     .   (no gloves)
MR       .....                  j - +0 pair of boots
Stlth    ++........             (no amulet)
Regen    0.1/turn               (no ring)
MPRegen  0.2/turn               (no ring)

@: no status effects
A: no striking features
a: no special abilities


You were on level 2 of the Dungeon.
You were near starving.

You visited 1 branch of the dungeon, and saw 3 of its levels.

You collected 38 gold pieces.

Inventory:

Hand Weapons
 e - a +0 dagger (weapon)
Armour
 a - a +0 robe (worn)
 j - a +0 pair of boots (worn)
Jewellery
 k - an uncursed amulet of faith
Wands
 h - a wand of digging (5/24)
Scrolls
 d - a scroll of immolation {unknown}
 f - 3 scrolls of identify {unknown}
 i - 5 scrolls of teleportation {unknown}
Potions
 l - 2 potions of curing {unknown}
Books
 b - a book of Flames

   Spells                             Type                      Level
   a - Flame Tongue                   Conjuration/Fire             1
   b - Throw Flame                    Conjuration/Fire             2
   c - Conjure Flame                  Conjuration/Fire             3
   d - Inner Flame                    Hexes/Fire                   3
   e - Sticky Flame                   Conjuration/Fire             4
   f - Fireball                       Conjuration/Fire             5
Comestibles
 c - 2 bread rations
 g - a meat ration


   Skills:
 + Level 2.2 Dodging
 + Level 2.0 Stealth
 + Level 2.9 Spellcasting
 + Level 1.9 Conjurations
 + Level 3.9 Fire Magic


You had 5 spell levels left.
You knew the following spells:

 Your Spells              Type           Power        Failure   Level  Hunger
a - Flame Tongue          Conj/Fire      ##...        6%          1    #......
b - Throw Flame           Conj/Fire      ##....       9%          2    ##.....


Dungeon Overview and Level Annotations

Branches:
Dungeon (3/15)

Altars:

Annotations:
D:2 Terence


Message History

The flame tongue hits the worker ant.
The worker ant is moderately wounded.
The worker ant bites you.
* * * LOW HITPOINT WARNING * * *
The worker ant closely misses you.
Terence opens the door.
The worker ant barely misses you.
There is an open door here.
The worker ant bites you.
* * * LOW HITPOINT WARNING * * *
Terence zaps a wand.
Some rock shatters into small pieces.
Casting: Flame Tongue
Confirm with . or Enter, or press ? or * to list all spells.
Aiming: Flame Tongue
Press: ? - help, Shift-Dir - straight line, f - worker ant, p - Terence
Aim: a worker ant (moderately wounded)
The flame tongue hits the worker ant.
The worker ant is severely wounded.
The worker ant bites you.
You die...

#......#######.# #...
#......#.......####### #...
#......#.####(.......# ####
##.....'#.#..#........#
#.........#..#........#
#.....................########
#.............#.#.............#
#####......@..................##
#...>...'.a@'.............'.
#.......#####.............##
#.......# #.............#
#.......# #.............##
######### ##..........##..
#..........##.. #.)........##..
#..........##.. #..........##..


You could see Terence and a worker ant.

Vanquished Creatures
  Ijyb (D:3)
  3 worms (D:2)
  2 leopard geckos
  A ball python (D:1)
  7 bats
  2 giant cockroaches (D:1)
  7 goblins
  2 hobgoblins (D:2)
  4 jackals (D:1)
  6 kobolds
  3 frilled lizards
  4 rats
42 creatures vanquished.

Notes
Turn   | Place    | Note
-------+----------+-------------------------------------------
     0 | D:1      | ReignOfFire the Human Fire Elementalist began the quest for the Orb.
     0 | D:1      | Reached XP level 1. HP: 13/13 MP: 3/3
    59 | D:1      | Reached XP level 2. HP: 18/19 MP: 0/5
   350 | D:1      | Reached XP level 3. HP: 18/24 MP: 0/6
   677 | D:2      | Learned a level 2 spell: Throw Flame
  1266 | D:2      | Reached XP level 4. HP: 30/30 MP: 6/8
  1599 | D:3      | Noticed Ijyb
  1739 | D:3      | Killed Ijyb
  1823 | D:3      | Noticed Terence
  1996 | D:2      | Slain by a worker ant

Action                   |  1- 3 |  4- 6 || total
-------------------------+-------+-------++-------
Melee: Unarmed           |     2 |       ||     2
       Dagger            |    14 |     2 ||    16
 Cast: Flame Tongue      |    62 |    39 ||   101
       Throw Flame       |     4 |     8 ||    12
  Use: Scroll            |     1 |       ||     1
  Eat: Chunk             |     2 |     1 ||     3
Armor: Robe              |    14 |     1 ||    15
Dodge: Dodged            |    23 |    12 ||    35
